 Dungeon Crawl Stone Soup version 0.30.1-9-gdf580d7c3d (webtiles) character file.

Game seed: 6950013437930049472

27549 TTerc the Cleaver (level 13, -14/122 HPs)
             Began as a Minotaur Fighter on Sept 28, 2023.
             Was a Priest of the Shining One.
             Demolished by a large slime creature (35 damage)
             ... on level 12 of the Dungeon on Sept 29, 2023.
             The game lasted 01:04:08 (10124 turns).

TTerc the Cleaver (Minotaur Fighter)               Turns: 10124, Time: 01:04:08

Health: -14/122    AC: 17    Str: 29    XL:     13   Next: 5%
Magic:  14/14      EV: 13    Int:  5    God:    the Shining One [***...]
Gold:   252        SH:  5    Dex: 13    Spells: 14/14 levels left

rFire   . . .        E - +8 battleaxe (venom)
rCold   . . .        (shield currently unavailable)
rNeg    + . .        z - +1 scale mail {rPois}
rPois   +            (helmet restricted)
rElec   .            a - +1 cloak
rCorr   .            w - +0 pair of gloves {Stlth+}
SInv    .            u - +2 pair of boots
Will    .....        n - amulet of reflection
Stlth   +            F - ring of poison resistance
HPRegen 0.40/turn    p - +6 ring of strength
MPRegen 0.14/turn

%: reflection
@: glowing
A: horns 2, retaliatory headbutt
a: Renounce Religion, Divine Shield, Cleansing Flame


You were on level 12 of the Dungeon.
You worshipped the Shining One.
The Shining One was most pleased with you.
You visited 2 branches of the dungeon, and saw 13 of its levels.
You also visited: Bailey.

You collected 492 gold pieces.
You spent 240 gold pieces at shops.

Inventory:

Hand Weapons
 b - a +0 trident of venom
 k - the +7 hand axe "Egikleleg" {holy, rF+ rC+ Str+3}
   (You found it on level 2 of the Dungeon)

   Str:       It affects your strength (+3).
   rF:        It protects you from fire.
   rC:        It protects you from cold.
 E - a +8 battleaxe of venom (weapon)
 I - a +2 heavy flail
Armour
 a - a +1 cloak (worn)
 c - a +0 buckler
 u - a +2 pair of boots (worn)
 w - a +0 pair of gloves of stealth (worn)
 z - a +1 scale mail of poison resistance (worn)
Jewellery
 l - a ring of positive energy
 n - an amulet of reflection (around neck)
 p - a +6 ring of strength (right hand)
 r - an amulet of guardian spirit
 t - a +4 ring of protection
 B - a ring of protection from fire
 F - a ring of poison resistance (left hand)
 G - a ring of protection from cold
 J - a ring of magical power
Wands
 y - a wand of charming (21)
 C - a wand of light (6)
Scrolls
 i - 3 scrolls of teleportation
 s - a scroll of silence
 x - a scroll of butterflies
 A - a scroll of fog
Potions
 d - 2 potions of might
 e - 2 potions of brilliance
 f - 3 potions of flight
 h - 2 potions of cancellation
 j - 4 potions of lignification {unknown}
 m - 4 potions of mutation {unknown}
 o - 3 potions of curing
 q - 2 potions of haste {unknown}
 v - 3 potions of attraction {unknown}
 H - 2 potions of resistance


   Skills:
 + Level 13.1 Fighting
 - Level 13.5(14.0) Axes
 + Level 4.7(10.0) Maces & Flails
 + Level 2.8(9.2) Polearms
 + Level 11.7 Armour
 + Level 7.1 Dodging
 + Level 3.3 Stealth
 + Level 10.2 Shields
 + Level 2.5 Unarmed Combat
 + Level 1.4 Spellcasting
 + Level 2.6 Invocations
 + Level 2.7 Evocations


You had 14 spell levels left.
You didn't know any spells.
Your spell library contained the following spells:

 Spells                   Type           Power      Damage    Failure   Level
 Magic Dart               Conj           0%         1d3       63%         1
 Shock                    Conj/Air       0%         1d3       63%         1
 Call Imp                 Summ           0%         N/A       77%         2
 Scorch                   Fire           0%         2d5       77%         2
 Mephitic Cloud           Conj/Pois/Air  0%         N/A       94%         3
 Swiftness                Air            0%         N/A       94%         3
 Airstrike                Air            0%         2d(0-16)  100%        4
 Flame Wave               Conj/Fire      0%         2d4       100%        4
 Summon Cactus Giant      Summ           0%         N/A       100%        6


Dungeon Overview and Level Annotations

Branches:
Dungeon (12/15)            Temple (1/1) D:6            Lair (0/5) D:11
 Bailey (visited)
    Orc: D:9-12

Altars:
Ashenzari
Cheibriados
Elyvilon
Fedhas
Gozag
Hepliaklqana
Kikubaaqudgha
Makhleb
Nemelex Xobeh
Okawaru
Qazlal
Ru
Sif Muna
Trog
Uskayaw
Vehumet
Wu Jian
Xom
Yredelemnul
Zin
The Shining One

Shops:
D:4 [   D:9 [


Innate Abilities, Weirdness & Mutations

You have a pair of horns on your head.
You reflexively headbutt those who attack you in melee.


Message History

The enormous slime creature is heavily wounded.
The enormous slime creature closely misses you.
You furiously retaliate!
You headbutt the enormous slime creature!
You slice the enormous slime creature!!
The enormous slime creature is severely wounded.
Two slime creatures merge to form a titanic slime creature.
You slice the titanic slime creature!!
The titanic slime creature is severely wounded.
A large slime creature splits.
Two slime creatures merge to form a large slime creature.
You slash the titanic slime creature!
You headbutt the titanic slime creature!
The titanic slime creature is severely wounded.
The titanic slime creature hits you!!!
Ouch! That really hurt!
Cleave: E) +8 battleaxe (venom)
Press: ? - help, Dir - move target, f - titanic slime creature
Aim: a titanic slime creature (severely wounded, poisoned, haloed, about 3% to evade your +8 battleaxe of venom)
Okay, then.
Aiming: Charm
Press: ? - help, Shift-Dir - straight line, f - titanic slime creature
Aim: a titanic slime creature (severely wounded, poisoned, haloed, chance to affect: 37%)
The titanic slime creature resists with some effort.
The titanic slime creature looks more healthy.
You block the titanic slime creature's attack.
Two slime creatures merge to form a very large slime creature.
A titanic slime creature splits.
You slice the large slime creature!!
The large slime creature is almost dead.
You hit the very large slime creature.
The very large slime creature is poisoned.
The large slime creature hits you! The very large slime creature hits you!
* * * LOW HITPOINT WARNING * * *
You hit the large slime creature.
The large slime creature is almost dead.
You slash the very large slime creature!
The very large slime creature hits you but does no damage.
The large slime creature hits you!!
You die...

#.....#8...8#8...8#
###....(#############
..#.....(.........[8#
..#.....)...........#
..#.................#
..#.................#
..#8...............8#
..###############'###
...... ......##@.#
###### ......JJJ##
......#### ..... ....
... .. . .


You could see 2 very large slime creatures and a large slime creature.

Vanquished Creatures
  An orc warlord (Bailey)
  2 boulder beetles (D:12)
  A centaur warrior (D:12)
  A two-headed ogre (D:12)
  Nergalle (D:11)
  3 skeletal warriors (D:11)
  Pikel (D:7)
  An orc knight (D:12)
  4 cyclopes (D:12)
  2 oklob plants (D:11)
  2 ugly things
  A manticore (D:12)
  Maurice (D:10)
  3 gargoyles
  Maggie (D:7)
  4 unseen horrors
  5 trolls
  14 slime creatures
  A shadow (D:12)
  6 yaks (D:11)
  A vampire (D:11)
  A wraith (D:12)
  2 steam dragons (D:8)
  2 humans (D:11)
  The ghost of Amplified the Vexing, an amateur DsHs (D:4)
  Menkaure (D:7)
  2 acid dragons (D:11)
  A water moccasin (D:6)
  3 orc warriors (Bailey)
  3 ice beasts
  5 centaurs
  2 ogres
  8 kobold brigands
  A bullfrog (D:8)
  A gnoll sergeant (D:12)
  A scorpion (D:5)
  4 wights (D:6)
  21 killer bees
  3 howler monkeys
  2 gnoll boudas (D:6)
  7 jellies
  2 hounds
  3 orc priests
  A sleepcap (D:5)
  Jessica (D:3)
  2 iguanas (D:6)
  4 orc wizards
  9 gnolls
  11 adders
  2 worms
  4 dart slugs
  27 orcs
  6 bats
  11 endoplasms
  3 giant cockroaches
  13 goblins
  9 hobgoblins
  4 jackals (D:3)
  2 quokkas
  9 ball pythons
  2 frilled lizards
  33 kobolds
  7 rats
292 creatures vanquished.

Notes
Turn   | Place    | Note
-------+----------+-------------------------------------------
     0 | D:1      | TTerc the Minotaur Fighter began the quest for the Orb.
     0 | D:1      | Reached XP level 1. HP: 19/19 MP: 0/0
   128 | D:1      | You fall into a shaft and drop 1 floor!
   204 | D:1      | Reached XP level 2. HP: 27/27 MP: 1/1
   705 | D:2      | Reached XP level 3. HP: 28/33 MP: 2/2
   762 | D:2      | Found a faded altar of an unknown god.
   772 | D:2      | Identified the +7 hand axe "Egikleleg" {holy, rF+ rC+
                  | Str+3}
   911 | D:2      | Reached XP level 4. HP: 40/40 MP: 3/3
  1411 | D:3      | Noticed Jessica
  1418 | D:3      | Killed Jessica
  1419 | D:3      | Reached skill level 1 in Axes
  1419 | D:3      | Reached skill level 1 in Dodging
  1512 | D:4      | Reached XP level 5. HP: 46/46 MP: 4/4
  1630 | D:4      | Found a transporter.
  1634 | D:4      | Found a transporter.
  1634 | D:4      | Noticed Amplified's ghost (amateur DsHs)
  1652 | D:4      | Noticed an ogre
  1661 | D:4      | Killed an ogre
  1662 | D:4      | Reached skill level 5 in Shields
  1873 | D:4      | Reached XP level 6. HP: 51/53 MP: 5/5
  2059 | D:4      | Found Reh Mesch's Antique Armour Shop.
  2259 | D:4      | Killed Amplified's ghost
  2260 | D:4      | Reached skill level 5 in Armour
  2297 | D:5      | Entered Level 5 of the Dungeon
  2328 | D:5      | Reached XP level 7. HP: 60/60 MP: 6/6
  2424 | D:5      | Found a glowing silver altar of Zin.
  2424 | D:5      | Found a hazy altar of Hepliaklqana.
  2460 | D:5      | Reached skill level 5 in Fighting
  2460 | D:5      | Reached skill level 5 in Axes
  2700 | D:5      | Reached skill level 1 in Stealth
  3076 | D:6      | Found a staircase to the Ecumenical Temple.
  3088 | Temple   | Entered the Ecumenical Temple
  3200 | Temple   | Became a worshipper of the Shining One
  3247 | D:6      | Reached XP level 8. HP: 56/69 MP: 7/7
  3766 | D:6      | Noticed a slime creature
  3766 | D:6      | Reached * piety under the Shining One
  3766 | D:6      | Noticed a slime creature
  3766 | D:6      | Noticed a slime creature
  3775 | D:6      | Killed a slime creature
  3785 | D:6      | Killed a large slime creature
  3786 | D:6      | Reached XP level 9. HP: 61/78 MP: 8/8
  4196 | D:7      | Noticed Maggie
  4221 | D:7      | Killed Maggie
  4222 | D:7      | Reached skill level 10 in Axes
  4387 | D:7      | Noticed Pikel
  4407 | D:7      | Killed Pikel
  4595 | D:7      | Found a white marble altar of Elyvilon.
  4597 | D:7      | Noticed Menkaure
  4615 | D:7      | Killed Menkaure
  4714 | D:7      | Found a burning altar of Makhleb.
  4917 | D:4      | Bought an embroidered cloak for 240 gold pieces
  5020 | D:8      | Found a flagged portal.
  5051 | D:8      | Reached XP level 10. HP: 78/86 MP: 9/9
  5118 | Bailey   | Entered a bailey
  5130 | Bailey   | Noticed an orc warlord
  5266 | Bailey   | Found a runed translucent gate.
  5268 | Bailey   | Found a runed translucent gate.
  5270 | Bailey   | Found a runed translucent gate.
  5455 | Bailey   | Killed an orc warlord
  5629 | Bailey   | Reached skill level 1 in Spellcasting
  5629 | Bailey   | Reached XP level 11. HP: 95/95 MP: 9/12
  6093 | D:9      | Found an ornate altar of the Wu Jian Council.
  6201 | D:9      | Found Howiy's Antique Armour Shoppe.
  6320 | D:9      | Found a radiant altar of Vehumet.
  6496 | D:10     | Entered Level 10 of the Dungeon
  6959 | D:10     | Noticed Maurice
  6973 | D:10     | Killed Maurice
  7411 | D:11     | Noticed a skeletal warrior
  7412 | D:11     | Noticed a skeletal warrior
  7414 | D:11     | Noticed a skeletal warrior
  7425 | D:11     | Killed a skeletal warrior
  7430 | D:11     | Killed a skeletal warrior
  7430 | D:11     | Reached ** piety under the Shining One
  7431 | D:11     | Reached skill level 5 in Dodging
  7433 | D:11     | Killed a skeletal warrior
  7781 | D:11     | Noticed Nergalle
  7789 | D:11     | Noticed a spectral orc warlord
  7801 | D:11     | Killed Nergalle
  7802 | D:11     | Reached skill level 10 in Fighting
  7834 | D:11     | Found an iron altar of Okawaru.
  7844 | D:11     | Reached XP level 12. HP: 56/106 MP: 13/13
  7845 | D:11     | Reached skill level 10 in Armour
  8175 | D:11     | Found a staircase to the Lair.
  9364 | D:12     | Noticed a boulder beetle
  9371 | D:12     | Killed a boulder beetle
  9372 | D:12     | Reached skill level 10 in Shields
  9491 | D:12     | Noticed a centaur warrior
  9501 | D:12     | Killed a centaur warrior
  9507 | D:12     | Reached *** piety under the Shining One
  9509 | D:12     | The Shining One protects you from harm!
  9880 | D:12     | Noticed a boulder beetle
  9885 | D:12     | Noticed a two-headed ogre
  9893 | D:12     | Killed a two-headed ogre
  9895 | D:12     | Killed a boulder beetle
 10010 | D:12     | Reached XP level 13. HP: 122/122 MP: 14/14
 10124 | D:12     | Demolished by a large slime creature

Illustrated notes

Levels and vault maps discovered:
D:1:      dpeg_arrival_arbitrary_c, layout_loops_cross
D:2:      layout_rooms, chequers_ecumenical_altar_island
D:3:      layout_rooms, uniq_jessica
D:4:      layout_basic, serial_shops, kennysheep_mini_moat,
          gammafunk_ghost_arena, st_stairs_12, minmay_misc_feat_plants
D:5:      layout_basic, gammafunk_temple_overflow_elements
D:6:      cheibrodos_fertilizer, layout_rooms, temple_fountains,
          kennysheep_cross_bottleneck
D:7:      layout_basic, mainiacjoe_overflow_large_starburst, uniq_menkaure,
          uniq_pikel, uniq_maggie
D:8:      gammafunk_steamed_eel, layout_basic,
          mainiacjoe_overflow_small_starburst, enter_bailey_2, eino_curves_04
D:9:      layout_irregular_city, nicolae_wu_jian_immortal_techniques,
          nicolae_vehumet_radiance, serial_shops, nicolae_shop_behind_doors
D:10:     layout_long_grid, uniq_maurice
D:11:     layout_loops_ring, dpeg_oklobed_lair, okawaru_humans, uniq_nergalle
D:12:     minmay_box_of_statues, layout_irregular_city, david_orc_5,
          evilmike_minifort
Temple:   eino_wide_crystal_templ

Skill      XL: |  1  2  3  4  5  6  7  8  9 10 11 12 |
---------------+-------------------------------------+-----
Shields        | 4 5 6 7 8 9 10 | 10.2
Armour         | 4 5 6 7 9 11 | 11.7
Fighting       | 4 5 6 7 8 10 13 | 13.1
Maces & Flails | 3 4 |  4.7
Axes           | 1 3 4 6 9 11 12 13 | 13.5
Dodging        | 1 3 4 5 7 |  7.1
Stealth        | 1 2 3 |  3.3
Polearms       | 2 |  2.8
Unarmed Combat | 2 |  2.5
Spellcasting   | 1 |  1.4
Invocations    | 2 |  2.6
Evocations     | 2 |  2.7

Action                     |  1- 3 |  4- 6 |  7- 9 | 10-12 | 13-15 || total
---------------------------+-------+-------+-------+-------+-------++-------
  Melee: Flail             |    58 |       |       |       |       ||    58
         Headbutt          |     4 |    12 |    46 |    78 |     9 ||   149
         Hand axe          |    14 |    80 |   165 |    69 |       ||   328
         Battleaxe         |       |       |       |   221 |    19 ||   240
  Evoke: Wand              |       |       |       |     5 |     1 ||     6
    Use: Scroll            |     5 |     4 |     4 |    11 |       ||    24
         Potion            |       |       |     1 |     7 |       ||     8
 Armour: Scale mail        |    49 |    15 |    58 |   114 |     2 ||   238
  Dodge: Dodged            |    41 |    31 |    52 |   144 |     5 ||   273
  Block: Buckler           |    21 |    29 |    82 |    21 |       ||   153
         Reflection        |       |     5 |    11 |    13 |     1 ||    30
         Other             |       |       |       |    51 |     3 ||    54
